 Dungeon Crawl Stone Soup version 0.28-a0-511-gcc94558de3 (webtiles) character file.

Game seed: 7438597237335449191

219 varam the Ruffian (level 5, 0/50 HPs)
             Began as a Troll Monk on Sept 21, 2021.
             Was a Believer of Jiyva.
             Slain by a scorpion (8 damage)
             ... on level 5 of the Dungeon.
             The game lasted 00:07:38 (2546 turns).

varam the Ruffian (Troll Monk)                      Turns: 2546, Time: 00:07:39

Health: 0/50       AC:  9    Str: 19    XL:     5   Next: 63%
Magic:  2/4        EV: 11    Int:  7    God:    Jiyva [**....]
Gold:   142        SH:  0    Dex: 12    Spells: 4/4 levels left

rFire   . . .      SeeInvis .     - Unarmed
rCold   . . .      Faith    .   (no shield)
rNeg    . . .      Spirit   .   a - +1 robe
rPois   .          Reflect  .   (helmet restricted)
rElec   .          Harm     .   (no cloak)
rCorr   .          Rampage  .   (gloves unavailable)
Will    .....                   (boots unavailable)
Stlth   +.........              (no amulet)
HPRegen 1.16/turn               p - +4 ring of protection
MPRegen 0.09/turn               (no ring)

@: lethally poisoned (0 -> -3), silenced
A: large, unfitting armour, claws 3, regeneration 1, shaggy fur 1, tough skin 1
a: Renounce Religion


You were on level 5 of the Dungeon.
You worshipped Jiyva.
Jiyva was pleased with you.
You visited 1 branch of the dungeon, and saw 5 of its levels.

You collected 142 gold pieces.

Inventory:

Missiles
 j - a throwing net (quivered)
Armour
 a - a +1 robe (worn)
Jewellery
 k - a +6 ring of intelligence
   (You found it on level 3 of the Dungeon)
 p - a +4 ring of protection (left claw)
   (You found it on level 3 of the Dungeon)
Wands
 l - a wand of paralysis (6)
   (You found it on level 5 of the Dungeon)
Scrolls
 c - a scroll of acquirement {unknown}
 g - a scroll of brand weapon {unknown}
 i - 2 scrolls of amnesia {unknown}
Potions
 d - 2 potions of curing {unknown}
 e - a potion of heal wounds {unknown}
 h - 2 potions of mutation {unknown}


   Skills:
 - Level 2.4 Fighting
 + Level 3.8 Dodging
 - Level 1.0 Stealth
 + Level 5.3 Unarmed Combat


You had 4 spell levels left.
You didn't know any spells.
Your spell library was empty.

Dungeon Overview and Level Annotations

Branches:
Dungeon (5/15)
 Temple: D:4-7

Altars:
Qazlal
Zin
Jiyva

Shops:
D:2 (

Annotations:
D:4 Menkaure
D:5 1 runed translucent door


Innate Abilities, Weirdness & Mutations

You are too large for most types of armour.
You have claws for hands.
Your natural rate of healing is unusually fast.
You are covered in fur. (AC +1)
You have tough skin. (AC +1)


Message History

Found 23 arrows.
You feel sick.
There is an open door here.
You feel sick.
Okay, then.
You scratch the scorpion but do no damage.
You feel sick. The scorpion stings you.
You closely miss the scorpion.
The scorpion is moderately wounded.
You feel sick. The scorpion closely misses you. The scorpion stings you.
* * * LOW HITPOINT WARNING * * *
You feel sick.
A centaur skeleton comes into view.
You feel sick.
You feel sick.
An orc comes into view. It is wielding a +0 mace.
You feel sick.
You are no longer poisoned.
The scorpion stings you but does no damage.
The orc shouts!
You hear a shout! x2
An orc warrior and an orc wizard come into view.
The orc warrior shouts!
The orc wizard shouts!
The scorpion stings you.
* * * LOW HITPOINT WARNING * * *
The orc wizard moves out of view.
As you read the scroll labelled CUIKLIXTIHAIV, it crumbles to dust.
It is a scroll of enchant armour.
Your +0 robe glows green for a moment.
An orc comes into view. It is wielding a +0 club.
The scorpion stings you but does no damage. x2
The killer bee stings you.
* * * LOW HITPOINT WARNING * * *
The orc moves out of view.
As you read the scroll labelled BESAH SICAOXUA, it crumbles to dust.
A profound silence engulfs you.
It was a scroll of silence.
The killer bee barely misses you. The scorpion stings you.
* * * LOW HITPOINT WARNING * * *
You are poisoned.
The scorpion poisons you! The scorpion barely misses you.
The scorpion stings you!
You die...

#....#y....#....#
#....#######....# .
#.........B.....# ..
#...............# ...
########'######## ....
#..s....#### .....
###...B........
.....o#y#.s..........
.....o.@sy............
##.....ssZ.........(..
##...................
#.....................
##..#................
#..###........#.... #.
.........##.. .
........#..


You could see an orc warrior, 5 scorpions, 2 killer bees, an orc, a giant
cockroach and a centaur skeleton.

Vanquished Creatures
  A black bear (D:3)
  A centaur zombie (D:3)
  A hound skeleton (D:4)
  3 adders
  2 shadow imps
  A worm (D:2)
  A dart slug (D:2)
  An orc (D:2)
  6 ball pythons (D:1)
  5 endoplasms
  3 giant cockroaches
  5 goblins
  6 hobgoblins
  10 jackals
  4 quokkas
  8 bats
  3 frilled lizards
  3 kobolds
  10 rats
74 creatures vanquished.

Vanquished Creatures (others)
  3 jellies
  An orc wizard (D:4)
  An adder (D:4)
  An orc (D:4)
  2 ball pythons (D:4)
  A giant cockroach (D:5)
  A hobgoblin (D:4)
  4 toadstools (D:1)
14 creatures vanquished.

Grand Total: 88 creatures vanquished

Notes
Turn   | Place    | Note
-------+----------+-------------------------------------------
     0 | D:1      | varam the Troll Monk began the quest for the Orb.
     0 | D:1      | Reached XP level 1. HP: 22/22 MP: 0/0
   283 | D:1      | Reached XP level 2. HP: 28/29 MP: 1/1
   452 | D:1      | Reached skill level 4 in Unarmed Combat
   550 | D:1      | Reached XP level 3. HP: 36/36 MP: 2/2
   887 | D:2      | Found Onlineno's Antique Weapon Shop.
   963 | D:3      | Found a stormy altar of Qazlal.
  1378 | D:2      | Reached XP level 4. HP: 42/44 MP: 3/3
  1477 | D:2      | Found a faded altar of an unknown god.
  1483 | D:2      | Became a worshipper of Jiyva Jaegruat the Shapeless
  1483 | D:2      | Reached * piety under Jiyva
  1483 | D:2      | Reached ** piety under Jiyva
  1760 | D:3      | Noticed a black bear
  1778 | D:3      | Killed a black bear
  2025 | D:4      | Found a glowing silver altar of Zin.
  2061 | D:4      | Reached skill level 5 in Unarmed Combat
  2061 | D:4      | Reached XP level 5. HP: 50/50 MP: 4/4
  2468 | D:4      | Noticed Menkaure
  2474 | D:5      | Entered Level 5 of the Dungeon
  2507 | D:5      | Found a runed translucent door.
  2508 | D:5      | Found a runed translucent door.
  2544 | D:5      | Noticed an orc warrior
  2546 | D:5      | Slain by a scorpion

Illustrated notes

Levels and vault maps discovered:
D:1:      ldierk_walled_garden_2, layout_basic
D:2:      layout_basic, serial_shops, nicolae_shop_behind_doors,
          chequers_ecumenical_altar_grove, grunt_ministairs_9,
          minmay_misc_feat_roman
D:3:      layout_loops_ring, nicolae_overflow_crystal_walls
D:4:      layout_loops_cross, zin_scriptorium, kennysheep_orc_sif_temple,
          minmay_temple_entry_nine_rooms, minmay_misc_feat_diagonals,
          uniq_menkaure
D:5:      lemuel_insect_pit, layout_cave_pools, gammafunk_temple_overflow_pools,
          serial_rivers, chequers_serial_rivers_micro_a,
          chequers_serial_rivers_micro_d, chequers_serial_rivers_small_a,
          chequers_serial_rivers_small_3, chequers_serial_rivers_small_a,
          chequers_serial_rivers_small_3, uniq_edmund, uniq_crazy_yiuf_cottage

Skill      XL: |  1  2  3  4 |
---------------+-------------+-----
Unarmed Combat | 4 5 |  5.3
Dodging        | 3 |  3.8
Fighting       | |  2.4
Stealth        | |  1.0

Action                   |  1- 3 |  4- 6 || total
-------------------------+-------+-------++-------
Melee: Unarmed           |   114 |    78 ||   192
       Punch             |     2 |     4 ||     6
Invok: Request Jelly     |       |     3 ||     3
  Use: Scroll            |       |     2 ||     2
 Stab: Sleeping          |     2 |     1 ||     3
Armor: Robe              |    30 |    52 ||    82
Dodge: Dodged            |    44 |    39 ||    83

Table legend: (Time is in decaauts)
 A = Elapsed time spent in this place.
 B = Non-inter-level travel time spent in this place.
 C = Inter-level travel time spent in this place.
 D = Time resting spent in this place.
 E = Time spent auto-exploring this place.
 F = Levels seen in this place.
 G = Mean time per level.
                   A        B        C        D        E       F      G
               +--------+--------+--------+--------+--------+-----+--------+
         Total |   2536 |   2472 |     64 |      0 |   1783 |   5 |  507.2 |
       Dungeon |   2536 |   2472 |     64 |      0 |   1783 |   5 |  507.2 |
               +--------+--------+--------+--------+--------+-----+--------+

Top non-repeatable levels by time:
     D:2: 824 daAuts
     D:1: 743 daAuts
     D:3: 628 daAuts
     D:4: 270 daAuts
     D:5: 70 daAuts
